 Dungeon Crawl Stone Soup version 0.28-a0-589-g333b8329f1 (webtiles) character file.

Game seed: 15374208418082989044

672 pokedragonboy the Destroyer (level 7, -12/36 HPs)
             Began as a Deep Elf Conjurer on Oct 3, 2021.
             Mangled by an orc warrior (22 damage)
             ... on level 5 of the Dungeon.
             The game lasted 00:11:42 (5370 turns).

pokedragonboy the Destroyer (Deep Elf Conjurer)     Turns: 5370, Time: 00:11:43

Health: -12/36     AC:  5    Str:  4    XL:     7   Next: 32%
Magic:  9/18       EV: 27    Int: 25    God:
Gold:   169        SH:  0    Dex: 13    Spells: 7/18 levels left

rFire   . . .      SeeInvis .   l - +2 dagger (elec)
rCold   . . .      Faith    .   (no shield)
rNeg    . . .      Spirit   .   a - +0 robe
rPois   .          Reflect  .   s - +0 helmet
rElec   .          Harm     .   (no cloak)
rCorr   .          Rampage  .   (no gloves)
Will    .....                   v - +1 pair of boots
Stlth   ++........              m - amulet of the acrobat
HPRegen 0.12/turn               (no ring)
MPRegen 0.16/turn               (no ring)

@: acrobatic
A: no striking features
a: no special abilities


You were on level 5 of the Dungeon.
You visited 1 branch of the dungeon, and saw 5 of its levels.

You collected 169 gold pieces.

Inventory:

Hand Weapons
 j - a +1 vorpal spear
 l - a +2 dagger of electrocution (weapon)
Missiles
 t - 5 boomerangs
 x - 2 throwing nets
Armour
 a - a +0 robe (worn)
 s - a +0 helmet (worn)
 v - a +1 pair of boots (worn)
Jewellery
 i - a ring of ice
 m - an amulet of the acrobat (around neck)
 r - a ring of resist corrosion
Scrolls
 c - 4 scrolls of identify {unknown}
 e - a scroll of vulnerability {unknown}
 h - 3 scrolls of enchant weapon
 k - 2 scrolls of immolation {unknown}
 n - a scroll of fear {unknown}
 o - 3 scrolls of teleportation
 p - a scroll of acquirement {unknown}
Potions
 b - 2 potions of heal wounds {unknown}
 d - a potion of curing {unknown}
 f - a potion of lignification {unknown}
 g - a potion of attraction {unknown}
 q - a potion of flight {unknown}
 u - 2 potions of berserk rage {unknown}
 w - a potion of invisibility {unknown}


   Skills:
 - Level 2.4 Dodging
 - Level 2.4 Stealth
 + Level 6.2 Spellcasting
 * Level 8.0 Conjurations
 + Level 3.8 Hexes


You had 7 spell levels left.
You knew the following spells:

 Your Spells              Type           Power      Damage    Failure   Level
a - Magic Dart            Conj           100%       1d8       1%          1
b - Searing Ray           Conj           94%        2d7       1%          2
c - Fulminant Prism       Conj/Hex       18%        3d11      6%          4
d - Iskenderun's Mystic   Conj/Tloc      27%        2d7       14%         4

Your spell library contained the following spells:

 Spells                   Type           Power      Damage    Failure   Level
 Dazzling Flash           Conj/Hex       74%        N/A       1%          3
 Lightning Bolt           Conj/Air       13%        1d27      36%         5
 Airstrike                Air            3%         N/A       58%         4
 Summon Lightning Spire   Summ/Air       7%         N/A       58%         4


Dungeon Overview and Level Annotations

Branches:
Dungeon (5/15)
 Temple: D:4-7

Altars:
Cheibriados
Fedhas
Nemelex Xobeh

Shops:
D:4 [

Annotations:
D:5 Dowan, Duvessa


Message History

Unknown command.
The searing ray hits the orc warrior.
The orc warrior is lightly wounded.
Casting: Searing Ray (safe; 1% risk of failure)
Confirm with . or Enter, or press ? or * to list all spells.
Aiming: Searing Ray (safe; 1% risk of failure)
Press: ? - help, Shift-Dir - straight line, f/p - orc priest
Aim: an orc priest, wielding a +0 club (severely wounded, 82% to hit)
The searing ray misses the orc priest. (Press . to maintain the ray.) Unknown command.
The searing ray hits the orc priest!
You kill the orc priest!
The orc warrior hits you from afar with a +3 glaive!!
Ouch! That really hurt!
Your Conjurations skill increases to level 8!
Unknown command.
The orc barely misses you.
Sorry, you're not good enough to have a special ability.
The orc completely misses you. The orc warrior completely misses you.
The orc hits you with a +0 hand axe. The orc misses you.
The orc warrior completely misses you.
Casting: Searing Ray (safe; 1% risk of failure)
Confirm with . or Enter, or press ? or * to list all spells.
Aiming: Searing Ray (safe; 1% risk of failure)
Press: ? - help, Shift-Dir - straight line, f - orc warrior
Aim: an orc warrior, wielding a +3 glaive and wearing a +0 chain mail (lightly wounded, 80% to hit)
The searing ray hits the orc!
You kill the orc!
The searing ray hits the orc warrior.
The orc warrior is moderately wounded. (Press . to maintain the ray.)
The orc barely misses you. The orc warrior misses you.
The searing ray hits the orc warrior!
The orc warrior is heavily wounded.
The orc hits you with a +0 hand axe.
* * * LOW HITPOINT WARNING * * *
The orc warrior hits you from afar with a +3 glaive!!
Ouch! That really hurt!
You die...

...e. ......##..
.>.## #.
........ ....#
#..##......
##...
...#......## #
#.. ...........#
#. .#.........
.........#
.......<.## #
....##.@o.#..##.
. ##.).......
#..o.......
#.).......#
.........###
..........#
...........##
...........#
............


You could see an orc warrior and an orc.

Vanquished Creatures
  2 necrophages (D:4)
  A centaur skeleton (D:4)
  A hound (D:4)
  2 jellies (D:4)
  3 orc priests (D:5)
  2 gnoll shamans
  11 gnolls
  4 adders
  2 adder skeletons (D:4)
  2 worms
  2 dart slugs
  10 orcs
  10 ball pythons
  3 bats
  8 endoplasms
  A giant cockroach (D:2)
  A hobgoblin (D:4)
  3 quokkas
  2 frilled lizards
  9 goblins
  3 kobolds
  7 rats
89 creatures vanquished.

Vanquished Creatures (others)
  6 fungi (D:4)
6 creatures vanquished.

Grand Total: 95 creatures vanquished

Notes
Turn   | Place    | Note
-------+----------+-------------------------------------------
     0 | D:1      | pokedragonboy the Deep Elf Conjurer began the quest for the
                  | Orb.
     0 | D:1      | Reached XP level 1. HP: 10/10 MP: 6/6
   486 | D:1      | Reached XP level 2. HP: 15/15 MP: 5/8
   489 | D:1      | Learned a level 2 spell: Searing Ray
  1365 | D:2      | Reached skill level 5 in Conjurations
  1495 | D:2      | Reached XP level 3. HP: 19/19 MP: 5/10
  1611 | D:2      | Found a faded altar of an unknown god.
  2140 | D:3      | Reached XP level 4. HP: 24/24 MP: 10/12
  2237 | D:3      | Found a blossoming altar of Fedhas.
  2237 | D:3      | Found a snail-covered altar of Cheibriados.
  2844 | D:3      | Reached skill level 6 in Conjurations
  3428 | D:4      | Reached XP level 5. HP: 28/28 MP: 6/13
  3483 | D:3      | Learned a level 4 spell: Fulminant Prism
  3489 | D:3      | Learned a level 4 spell: Iskenderun's Mystic Blast
  3767 | D:4      | Found Xidwil's Armour Shop.
  3771 | D:4      | Reached skill level 1 in Hexes
  3772 | D:4      | Reached skill level 5 in Spellcasting
  3828 | D:4      | Noticed a necrophage
  3834 | D:4      | Killed a necrophage
  3835 | D:4      | Reached XP level 6. HP: 32/32 MP: 8/15
  4003 | D:4      | Found a sparkling altar of Nemelex Xobeh.
  4070 | D:4      | Reached skill level 7 in Conjurations
  4933 | D:5      | Entered Level 5 of the Dungeon
  4953 | D:5      | Reached XP level 7. HP: 36/36 MP: 11/17
  5121 | D:5      | Noticed Duvessa
  5128 | D:5      | Noticed Dowan
  5366 | D:5      | Reached skill level 8 in Conjurations
  5370 | D:5      | Mangled by an orc warrior

Illustrated notes

Levels and vault maps discovered:
D:1:      dpeg_arrival_tiny_f, layout_basic, minivault_5
D:2:      layout_loops_ring, hellmonk_ecumenical_altar_prayer_group,
          kennysheep_generic_room_10
D:3:      layout_basic, nicolae_overflow_hidden_temple, gup_sewer_entry_bubbles,
          serial_co_window_serial, co_window_paths_b, co_window_corner_a,
          co_window_corner_a, co_window_corner_a, co_window_paths_a,
          co_window_paths_a, co_window_paths_a, co_window_of_opportunity_a,
          co_window_paths_b, co_window_paths_c, co_window_unsneaky_path_a,
          co_window_unsneaky_path_b, co_window_paths_c,
          co_window_of_opportunity_c, glass_columns_c
D:4:      layout_loops_ring, nemelex_diamond_rough_becter, serial_shops,
          nicolae_stop_n_shop_1, serial_aquarium, aquarium_bridge_square
          [aquarium_subvault_wall, aquarium_subvault_window,
          aquarium_subvault_wall, aquarium_subvault_bridge],
          aquarium_window_corner, aquarium_window_1, aquarium_window_fake,
          aquarium_view_2c, aquarium_view_2b, aquarium_pool_1,
          minmay_misc_feat_rows
D:5:      layout_layer_cave, uniq_duvessa

Skill      XL: |  1  2  3  4  5  6  7 |
---------------+----------------------+-----
Conjurations   | 5 6 7 8 |  8.0
Spellcasting   | 4 5 6 |  6.2
Hexes          | 2 3 |  3.8
Dodging        | |  2.4
Stealth        | |  2.4

Action                   |  1- 3 |  4- 6 |  7- 9 || total
-------------------------+-------+-------+-------++-------
Melee: Dagger            |       |     3 |       ||     3
 Cast: Magic Dart        |    45 |    66 |     8 ||   119
       Searing Ray       |     1 |    19 |     9 ||    29
  Use: Scroll            |     1 |     1 |       ||     2
 Stab: Sleeping          |       |     1 |       ||     1
Armor: Robe              |     1 |     5 |     2 ||     8
Dodge: Dodged            |     2 |    20 |    14 ||    36

Table legend: (Time is in decaauts)
 A = Elapsed time spent in this place.
 B = Non-inter-level travel time spent in this place.
 C = Inter-level travel time spent in this place.
 D = Time resting spent in this place.
 E = Time spent auto-exploring this place.
 F = Levels seen in this place.
 G = Mean time per level.
                   A        B        C        D        E       F      G
               +--------+--------+--------+--------+--------+-----+--------+
         Total |   5401 |   4916 |    485 |    893 |   2987 |   5 | 1080.2 |
       Dungeon |   5401 |   4916 |    485 |    893 |   2987 |   5 | 1080.2 |
               +--------+--------+--------+--------+--------+-----+--------+

Top non-repeatable levels by time:
     D:4: 1804 daAuts
     D:3: 1267 daAuts
     D:1: 1259 daAuts
     D:2: 840 daAuts
     D:5: 229 daAuts
